 Dungeon Crawl Stone Soup version 0.30-a0-23-ge60ba3568b (webtiles) character file.

Game seed: 11805098092934264540

30 Spectrina the Ducker (level 3, -4/23 HPs)
             Began as a Deep Elf Monk on Aug 24, 2022.
             Was a Believer of Kikubaaqudgha.
             Slain by a water moccasin (8 damage)
             ... on level 3 of the Dungeon.
             The game lasted 00:07:26 (525 turns).

Spectrina the Ducker (Deep Elf Monk)                 Turns: 525, Time: 00:07:27

Health: -4/23      AC:  5    Str:  8    XL:     3   Next: 5%
Magic:  4/6        EV: 13    Int: 16    God:    Kikubaaqudgha [**....]
Gold:   60         SH:  0    Dex: 17    Spells: 3/4 levels left

rFire   . . .      SeeInvis .    j - +0 bardiche
rCold   . . .      Faith    .    (shield currently unavailable)
rNeg    . . .      Spirit   .    b - +0 robe
rPois   .          Reflect  .    (no helmet)
rElec   .          Harm     .    (no cloak)
rCorr   .          Rampage  .    (no gloves)
Will    .....                    g - +2 pair of boots
Stlth   ++........               f - amulet of magic regeneration
HPRegen 0.07/turn                (no ring)
MPRegen 0.50/turn                (no ring)

@: lethally poisoned (-4 -> -14)
A: no striking features
a: Renounce Religion, Unearth Wretches


You were on level 3 of the Dungeon.
You worshipped Kikubaaqudgha.
Kikubaaqudgha was pleased with you.
You visited 1 branch of the dungeon, and saw 4 of its levels.

You collected 60 gold pieces.

Inventory:

Hand Weapons
 a - a +0 spear
 j - a +0 bardiche (weapon)
Armour
 b - a +0 robe (worn)
 g - a +2 pair of boots (worn)
Jewellery
 f - an amulet of magic regeneration (around neck)
Scrolls
 e - a scroll of amnesia {unknown}
 h - a scroll of blinking {unknown}
 i - a scroll of poison {unknown}
Potions
 c - a potion of ambrosia
 d - 2 potions of attraction {unknown}
 k - a potion of brilliance {unknown}


   Skills:
 - Level 3.0 Fighting
 - Level 2.1 Polearms
 - Level 3.6 Dodging
 - Level 2.4 Stealth
 + Level 1.2 Spellcasting
 * Level 1.9 Necromancy


You had 3 spell levels left.
You knew the following spells:

 Your Spells              Type           Power      Damage    Failure   Level
a - Necrotise             Necr           28%        1d5       11%         1

Your spell library contained the following spells:

 Spells                   Type           Power      Damage    Failure   Level
 Sublimation of Blood     Necr           7%         N/A       16%         2
 Animate Dead             Necr           7%         N/A       71%         4
 Anguish                  Hex/Necr       2%         N/A       83%         4


Dungeon Overview and Level Annotations

Branches:
Dungeon (4/15)
 Temple: D:4-7

Altars:
Kikubaaqudgha

Annotations:
D:4 Blork the orc


Message History

The water moccasin bites you but does no damage.
The water moccasin bites your goblin skeleton!
Your goblin skeleton is destroyed!
You closely miss the water moccasin.
The water moccasin bites you but does no damage. x2
You closely miss the water moccasin. The water moccasin misses you.
The water moccasin closely misses you. The water moccasin barely misses you.
You hit the water moccasin.
The water moccasin is lightly wounded.
The water moccasin bites you. The water moccasin misses you.
Casting: Necrotise (safe; 11% risk of failure)
Confirm with . or Enter, or press ? or * to list all spells.
Aiming: Necrotise (safe; 11% risk of failure)
Press: ? - help, Shift-Dir - straight line, f/p - water moccasin
Aim: a water moccasin (lightly wounded, chance to affect: 55%)
The water moccasin resists with significant effort.
The water moccasin bites you but does no damage.
The water moccasin bites you!
You are lethally poisoned!
The water moccasin poisons you!
Casting: Necrotise (safe; 11% risk of failure)
Confirm with . or Enter, or press ? or * to list all spells.
Aiming: Necrotise (safe; 11% risk of failure)
Press: ? - help, Shift-Dir - straight line, f/p - water moccasin
Aim: a water moccasin (lightly wounded, chance to affect: 55%)
The water moccasin resists with significant effort.
You feel very sick. The water moccasin barely misses you.
Unknown command.
Casting: Necrotise (safe; 11% risk of failure)
Confirm with . or Enter, or press ? or * to list all spells.
Aiming: Necrotise (safe; 11% risk of failure)
Press: ? - help, Shift-Dir - straight line, f/p - water moccasin
Aim: a water moccasin (chance to affect: 55%)
The water moccasin resists with significant effort.
* * * LOW HITPOINT WARNING * * *
You feel very sick. The water moccasin bites you!
You die...
Kikubaaqudgha rasps: "You have failed me!
Welcome... death!"

#........#.#.#.# #
###..........#.#.# #
#............#.#.###
#.#.......##.#.#.#..
#..<...........#.#..
#.....#######.......
#.....#.......#.>.##
#..S..#.#####.#####
#..@..........#
##....##...#####
#....#####.#
#........#.#
#...####.#.#
#........#.#
#...####.#.#
#########.....#.##
........#.##..#..#


You could see a water moccasin.

Vanquished Creatures
  An adder (D:4)
  3 bats
  A giant cockroach (D:1)
  2 goblins (D:3)
  2 hobgoblins
  7 kobolds
  A frilled lizard (D:1)
  2 rats (D:3)
19 creatures vanquished.

Notes
Turn   | Place    | Note
-------+----------+-------------------------------------------
     0 | D:1      | Spectrina the Deep Elf Monk began the quest for the Orb.
     0 | D:1      | Reached XP level 1. HP: 13/13 MP: 3/3
   123 | D:2      | Found an ancient bone altar of Kikubaaqudgha.
   162 | D:2      | Became a worshipper of Kikubaaqudgha
   162 | D:2      | Reached * piety under Kikubaaqudgha
   162 | D:2      | Received a gift from Kikubaaqudgha
   162 | D:2      | Reached ** piety under Kikubaaqudgha
   219 | D:3      | Reached XP level 2. HP: 12/18 MP: 4/4
   228 | D:3      | Learned a level 1 spell: Necrotise
   274 | D:3      | Reached skill level 1 in Necromancy
   464 | D:4      | Reached skill level 1 in Spellcasting
   464 | D:4      | Reached XP level 3. HP: 21/23 MP: 4/6
   467 | D:4      | Noticed Blork the orc
   479 | D:3      | Noticed a water moccasin
   511 | D:3      | Upgraded the game from 0.30-a0-12-gd8047c6341 to
                  | 0.30-a0-23-ge60ba3568b
   525 | D:3      | Slain by a water moccasin

Illustrated notes

Levels and vault maps discovered:
D:1:      elethiomel_arrival_infinity_welcomes_careful_drivers, layout_basic,
          dreamdust_ecumenical_altar_angels_and_demons
D:2:      layout_rooms, basic_altar
D:3:      layout_basic, overflow_temple_1_default, chequers_garden,
          minmay_goblin_kobold_house
D:4:      layout_basic, okawaru_metal_pillars_1_2, tso_oasis_becter,
          minivault_23, minmay_misc_feat_x, grunt_decor_junction,
          uniq_blork_the_orc

Skill      XL: |  1  2 |
---------------+-------+-----
Necromancy     | 1 |  1.9
Fighting       | 3 |  3.0
Spellcasting   | 1 |  1.2
Polearms       | |  2.1
Dodging        | |  3.6
Stealth        | |  2.4

Action                   || total
-------------------------++-------
Melee: Spear             ||    40
       Bardiche          ||    11
 Cast: Necrotise         ||    19
 Stab: Sleeping          ||     6
Armor: Robe              ||    12
Dodge: Dodged            ||    40

Table legend: (Time is in decaauts)
 A = Elapsed time spent in this place.
 B = Non-inter-level travel time spent in this place.
 C = Inter-level travel time spent in this place.
 D = Time resting spent in this place.
 E = Time spent auto-exploring this place.
 F = Levels seen in this place.
 G = Mean time per level.
                   A        B        C        D        E       F      G
               +--------+--------+--------+--------+--------+-----+--------+
         Total |    532 |    532 |      0 |      0 |      0 |   4 |  133.0 |
       Dungeon |    532 |    532 |      0 |      0 |      0 |   4 |  133.0 |
               +--------+--------+--------+--------+--------+-----+--------+

Top non-repeatable levels by time:
     D:3: 336 daAuts
     D:1: 98 daAuts
     D:2: 78 daAuts
     D:4: 19 daAuts
